 Dungeon Crawl Stone Soup version 0.22-a0-447-gee5f723 (webtiles) character file.

187 ArgaWasAlreadyTaken the Chopper (level 5, -8/32 HPs)
             Began as a Gargoyle Fighter on June 3, 2018.
             Mangled by iamserjio's ghost (14 damage)
             ... on level 4 of the Dungeon.
             The game lasted 00:01:36 (1381 turns).

ArgaWasAlreadyTaken the Chopper (Gargoyle Fighter)  Turns: 1381, Time: 00:01:36

Health: -8/32      AC: 12    Str: 21    XL:     5   Next: 66%
Magic:  0/5        EV:  7    Int:  8    God:
Gold:   116        SH:  9    Dex:  9    Spells: 4/4 levels left

rFire    . . .     SeeInvis .   a - +0 war axe
rCold    . . .     Gourm    .   c - +0 shield
rNeg     + . .     Faith    .   b - +0 scale mail
rPois    ∞         Spirit   +   j - +0 helmet
rElec    +         Reflect  .   k - scarf {Spirit}
rCorr    .         Harm     .   (no gloves)
MR       .....                  (no boots)
Stlth    ..........             (no amulet)
HPRegen  0.10/turn              (no ring)
MPRegen  0.09/turn              (no ring)

@: no status effects
A: negative energy resistance 1, electricity resistance, unbreathing,
petrification resistance, rot immunity, AC +4
a: no special abilities


You were on level 4 of the Dungeon.
You were not hungry.

You visited 1 branch of the dungeon, and saw 4 of its levels.

You collected 116 gold pieces.

Inventory:

Hand Weapons
 a - a +0 war axe (weapon)
Armour
 b - a +0 scale mail (worn)
 c - a +0 shield (worn)
 j - a +0 helmet (worn)
 k - a scarf of spirit shield (worn)
Scrolls
 h - 3 scrolls of teleportation {unknown}
 l - a scroll of immolation {unknown}
 p - a scroll of amnesia {unknown}
Potions
 d - a potion of might
 n - a potion of heal wounds {unknown}
 o - a potion of degeneration {unknown}
 q - a potion of lignification
Comestibles
 f - 2 rations


   Skills:
 - Level 3.3 Fighting
 + Level 5.1 Axes
 - Level 3.3 Armour
 - Level 3.3 Shields


You had 4 spell levels left.
You didn't know any spells.
Your spell library was empty.

Dungeon Overview and Level Annotations

Branches:
Dungeon (4/15)             Temple (0/1) D:4

Altars:
Ashenzari
Hepliaklqana
Qazlal
Uskayaw
Yredelemnul
The Shining One

Annotations:
D:4 iamserjio's ghost, amateur TrGl


Innate Abilities, Weirdness & Mutations

You are resistant to torment.
Your stone body is resilient. (AC +4)
You are immune to poison.
You resist negative energy. (rN+)
You are resistant to electric shocks. (rElec)
You can survive without breathing.
You are immune to petrification.
You are immune to rotting.


Message History

You open the door!
Found a glowing golden altar of the Shining One!
There is an open door here!
You open the door!
There is an open door here!
You see here a potion of lignification!
Iamserjio's ghost (amateur Troll Gladiator) comes into view!
Iamserjio's ghost turns its malevolent gaze towards you!
Unknown command!
You see here a butt of lignification!
q - a potion of lignification Iamserjio's ghost hits you!!!
You completely miss iamserjio's ghost!
Iamserjio's ghost hits you but does no damage!
You chop iamserjio's ghost into pieces!!!
Iamserjio's ghost is lightly damaged!
Iamserjio's ghost hits you!!! * * * don't die
* * * Iamserjio's ghost hits you!!! rip

#.# #.#####.## .. #.#
#..## #^## #.#####...#
..# #.#........ . #.#
#.#.###+### ... #.##
#.#.# #.# # ....####..#
#.#.###.###
..........####.#.'.._###
......W@.........###.###
.........#.####..# #.# #
.......#.#.# ##.###'###
.......#.#.. #........
.......#.##.# ##.##....
.......#.# .. #.......
.........# #.# ####.##+
.......### .. #...< #.#
#....


You could see iamserjio's ghost.

Vanquished Creatures
  Jessica (D:2)
  3 orc wizards
  4 adders
  2 worms (D:2)
  2 leopard geckos
  5 orcs
  A giant cockroach (D:3)
  4 goblins
  3 hobgoblins
  9 kobolds
  A quokka (D:3)
  2 bats
  5 frilled lizards
  A rat (D:1)
43 creatures vanquished.

Notes
Turn   | Place    | Note
-------+----------+-------------------------------------------
     0 | D:1      | ArgaWasAlreadyTaken the Gargoyle Fighter began the quest for the Orb.
     0 | D:1      | Reached XP level 1. HP: 14/14 MP: 1/1
    58 | D:1      | Reached skill level 2 in Axes
    99 | D:1      | Reached XP level 2. HP: 18/19 MP: 2/2
   419 | D:2      | Reached skill level 3 in Axes
   419 | D:2      | Reached XP level 3. HP: 23/23 MP: 3/3
   726 | D:2      | Noticed Jessica
   732 | D:2      | Killed Jessica
   732 | D:2      | Reached XP level 4. HP: 25/28 MP: 4/4
   774 | D:2      | Reached skill level 4 in Axes
   782 | D:2      | Reached XP level 5. HP: 32/32 MP: 1/5
  1136 | D:3      | Reached skill level 5 in Axes
  1180 | D:4      | Found a staircase to the Ecumenical Temple.
  1268 | D:4      | Found a hazy altar of Hepliaklqana.
  1272 | D:4      | Found a stormy altar of Qazlal.
  1274 | D:4      | Found a basalt altar of Yredelemnul.
  1274 | D:4      | Found a hide-covered altar of Uskayaw.
  1275 | D:4      | Found a shattered altar of Ashenzari.
  1357 | D:4      | Found a glowing golden altar of the Shining One.
  1374 | D:4      | Noticed iamserjio's ghost (amateur TrGl)
  1381 | D:4      | Mangled by iamserjio's ghost

Vault maps used:
D:1:      sevenhm_arrival_forest_fort_large_3
D:2:      uniq_jessica
D:3:      elyvilon_altar_3, first_ration, lexackson_kobold_supper
D:4:      grunt_temple_overflow_magic_moments, lemuel_doored_altar, minitemple,
          minmay_temple_entry_trees

Skill      XL: |  1  2  3  4  5 |
---------------+----------------+-----
Axes           | 2 3 4 5 |  5.1
Fighting       | |  3.3
Armour         | |  3.3
Shields        | |  3.3

Action                   |  1- 3 |  4- 6 || total
-------------------------+-------+-------++-------
Melee: War axe           |    88 |    68 ||   156
  Use: Potion            |       |     2 ||     2
  Eat: Chunk             |       |     2 ||     2
Armor: Scale mail        |    35 |    49 ||    84
       Skin              |       |     8 ||     8
Dodge: Dodged            |    24 |    31 ||    55
Block: Shield            |    43 |    33 ||    76

Table legend:
 A = Spawn XP
 B = Non-spawn XP
 C = Spawn XP percentage of total XP
 D = Spawn monster count
 E = Non-spawn monster count
 F = Spawn count percentage of total count
 G = Total turns spent on level
                    A         B        C        D         E        F      G
               +---------+---------+-------+---------+---------+-------+---------
         Total |       0 |     268 |   0.0 |       0 |      43 |   0.0 |  1381
               +---------+---------+-------+---------+---------+-------+---------
           D:1 |       0 |      15 |   0.0 |       0 |       9 |   0.0 |   247
           D:2 |       0 |     163 |   0.0 |       0 |      18 |   0.0 |   578
           D:3 |       0 |      90 |   0.0 |       0 |      16 |   0.0 |   336
               +---------+---------+-------+---------+---------+-------+---------
